 Dungeon Crawl Stone Soup version 0.31.0-11-ge490571c62 (webtiles) character file.

Game seed: 12533419771545593066

268 yokelz the Conjurer (level 6, -2/32 HPs)
             Began as a Tengu Conjurer on Jan 26, 2024.
             Slain by Edmund
             ... wielding a +2 heavy flail
              (15 damage)
             ... on level 4 of the Dungeon.
             The game lasted 00:08:21 (4251 turns).

yokelz the Conjurer (Tengu Conjurer)                Turns: 4251, Time: 00:08:22

Health: -2/32      AC:  2    Str:  7    XL:     6   Next: 21%
Magic:  2/12       EV: 12    Int: 20    God:
Gold:   169        SH:  0    Dex: 13    Spells: 3/12 levels left

rFire   . . .        t - +0 long sword
rCold   . . .        (no shield)
rNeg    . . .        a - +0 robe
rPois   .            (helmet restricted)
rElec   .            (no cloak)
rCorr   .            (no gloves)
SInv    .            (boots unavailable)
Will    .....        (no amulet)
Stlth   ++           (no ring)
HPRegen 0.25/turn    (no ring)
MPRegen 0.13/turn

%: acrobat
@: no status effects
A: beak, talons 3, acrobatic
a: no special abilities


You were on level 4 of the Dungeon.
You visited 1 branch of the dungeon, and saw 4 of its levels.

You collected 169 gold pieces.

Inventory:

Hand Weapons
 c - a +0 short sword
 o - a +0 dagger of draining
 t - a +0 long sword (weapon)
Armour
 a - a +0 robe (worn)
Jewellery
 j - a +5 ring of evasion
 m - a ring of ice
Wands
 s - a wand of polymorph (14)
Scrolls
 e - a scroll of blinking {unknown}
 f - 2 scrolls of identify {unknown}
 i - 2 scrolls of enchant armour {unknown}
 n - a scroll of revelation {unknown}
 p - a scroll of torment {unknown}
 q - a scroll of poison {unknown}
 r - a scroll of immolation {unknown}
 u - a scroll of silence {unknown}
Potions
 b - a potion of magic
 d - a potion of invisibility {unknown}
 g - 2 potions of enlightenment {unknown}
 h - 3 potions of might {unknown}
 k - a potion of heal wounds {unknown}
 l - a potion of mutation {unknown}


   Skills:
 - Level 2.2 Dodging
 - Level 2.0 Stealth
 + Level 3.9 Spellcasting
 - Level 6.7 Conjurations
 - Level 3.0 Alchemy


You had 3 spell levels left.
You knew the following spells:

 Your Spells              Type           Power      Damage    Failure   Level
a - Magic Dart            Conj           100%       1d8       1%          1
b - Searing Ray           Conj           60%        2d6       1%          2
c - Fulminant Prism       Conj/Alch      11%        3d8       17%         4
d - Blink                 Tloc           6%         N/A       21%         2

Your spell library contained the following spells:

 Spells                   Type           Power      Damage    Failure   Level
 Call Imp                 Summ           6%         N/A       21%         2
 Iskenderun's Mystic Bla  Conj/Tloc      17%        2d5       32%         4


Dungeon Overview and Level Annotations

Branches:
Dungeon (4/15)
 Temple: D:4-7

Altars:
Qazlal

Annotations:
D:4 Edmund


Innate Abilities, Weirdness & Mutations

You have a beak for a mouth.
You have claws for feet.
You can magically evade attacks while moving or waiting.


Message History

Confirm with . or Enter, or press ? or * to list all spells.
Aiming: Fulminant Prism (extremely dangerous; 17% risk of failure)
Press: ? - help, Dir - move target, p - Edmund You miscast Fulminant Prism.
You are very lightly contaminated with residual magic.
Nothing appears to happen.
Casting: Fulminant Prism (extremely dangerous; 17% risk of failure)
Confirm with . or Enter, or press ? or * to list all spells.
You don't have enough magic to cast this spell.
Your magical contamination has completely faded away.
Edmund clears his throat.
Edmund says, "Everyone always remembers my brother. 'Who's Edmund?' they ask!"
Casting: Fulminant Prism (extremely dangerous; 17% risk of failure)
Confirm with . or Enter, or press ? or * to list all spells.
Aiming: Searing Ray (safe; 1% risk of failure)
Press: ? - help, Shift-Dir - straight line, f - Edmund
Aim: Edmund, wielding a +2 heavy flail and wearing a +2 ring mail of fire resistance (moderately wounded, 82% to hit)
The searing ray misses Edmund. (Press . to maintain the ray.) Edmund says, "A flail is better than a scythe, any day of the week!"
The searing ray hits Edmund.
Edmund is heavily wounded.
The searing ray hits Edmund but does no damage.
Edmund is heavily wounded.
The searing ray hits Edmund but does no damage.
Edmund is heavily wounded.
You finish channelling your searing ray.
Edmund closely misses you.
You completely miss Edmund.
Edmund is heavily wounded.
Edmund misses you.
You closely miss Edmund. Your kick misses Edmund.
Edmund is heavily wounded.
Edmund hits you with a +2 heavy flail!!
Ouch! That really hurt!
You barely miss Edmund. Your kick misses Edmund. Your peck misses Edmund.
Edmund is heavily wounded.
Edmund hits you with a +2 heavy flail!
You die...
Edmund says, "I'd like to see a scythe do that!"

###.# #####.# .........####
##.....#
............#######......#
#................##......#
#........................#
#.).............##.....).#
#................######..##
#.................## ##).##
#.<.....)..@@......## ##...
#........)..........# ##..
#...................## ##.
###.#########........## ##
#.# ##........## # #..
###.......## #..#
##.......## # ...#
##.......### ..##
##.........


You could see Edmund.

Vanquished Creatures
  An ogre (D:4)
  2 iguanas
  Ijyb (D:4)
  An adder (D:2)
  4 ribbon worms
  5 dart slugs
  7 orcs
  2 endoplasms
  7 giant cockroaches
  9 goblins
  2 hobgoblins (D:1)
  3 jackals (D:2)
  6 quokkas
  4 ball pythons
  5 bats
  2 frilled lizards
  8 kobolds
  4 rats
73 creatures vanquished.

Vanquished Creatures (others)
  4 fulminant prisms (D:4)
4 creatures vanquished.

Grand Total: 77 creatures vanquished

Notes
Turn   | Place    | Note
-------+----------+-------------------------------------------
     0 | D:1      | yokelz the Tengu Conjurer began the quest for the Orb.
     0 | D:1      | Reached XP level 1. HP: 10/10 MP: 4/4
   345 | D:1      | Reached XP level 2. HP: 15/15 MP: 0/6
   515 | D:1      | Reached skill level 6 in Conjurations
  1119 | D:2      | Reached XP level 3. HP: 19/19 MP: 3/7
  2238 | D:2      | Reached XP level 4. HP: 24/24 MP: 6/8
  2343 | D:2      | Learned a level 2 spell: Searing Ray
  2348 | D:2      | Learned a level 4 spell: Fulminant Prism
  2911 | D:3      | Reached skill level 1 in Alchemy
  3062 | D:3      | Found a stormy altar of Qazlal.
  3190 | D:3      | Reached XP level 5. HP: 28/28 MP: 5/10
  3700 | D:4      | Noticed Ijyb
  3706 | D:4      | Killed Ijyb
  3710 | D:4      | Learned a level 2 spell: Blink
  3840 | D:4      | Noticed an ogre
  3844 | D:4      | Killed an ogre
  3845 | D:4      | Reached XP level 6. HP: 32/32 MP: 4/12
  4165 | D:4      | Noticed Edmund
  4251 | D:4      | Slain by Edmund

Illustrated notes

Levels and vault maps discovered:
D:1:      nicolae_arrival_somewhat_less_tricky_arrival, layout_basic
D:2:      layout_basic, chequers_serial_rivers_micro_e
D:3:      layout_basic, nicolae_qazlal_general_emergency, dk_vineyard_2
D:4:      layout_cave_pods, mainiacjoe_overflow_boulevard,
          nicolae_overflow_quartered_altars, minmay_cupped, uniq_pikel,
          uniq_edmund, uniq_ijyb

Skill      XL: |  1  2  3  4  5 |
---------------+----------------+-----
Conjurations   | 6 |  6.7
Alchemy        | 1 3 |  3.0
Spellcasting   | 3 |  3.9
Dodging        | |  2.2
Stealth        | |  2.0

Action                     |  1- 3 |  4- 6 || total
---------------------------+-------+-------++-------
  Melee: Short sword       |    12 |     4 ||    16
         Kick              |     3 |     6 ||     9
         Peck              |     1 |     2 ||     3
         Dagger            |       |    12 ||    12
         Long sword        |       |     3 ||     3
   Cast: Magic Dart        |    82 |    65 ||   147
         Searing Ray       |       |     7 ||     7
         Fulminant Prism   |       |     4 ||     4
 Armour: Robe              |     9 |    14 ||    23
  Dodge: Dodged            |    17 |    21 ||    38
